 Dungeon Crawl Stone Soup version 0.30-a0-924-g0ad0bf95bc (webtiles) character file.

Game seed: 6447760889645283318

24 Firecrotchwizard the Chopper (level 3, 0/33 HPs)
             Began as a Hill Orc Monk on Mar 23, 2023.
             Slain by a shadow imp (5 damage)
             ... summoned by Natasha
             ... on level 2 of the Dungeon.
             The game lasted 00:01:06 (384 turns).

Firecrotchwizard the Chopper (Hill Orc Monk)         Turns: 384, Time: 00:01:07

Health: 0/33       AC:  2    Str: 15    XL:     3   Next: 2%
Magic:  3/3        EV: 12    Int: 10    God:
Gold:   38         SH:  0    Dex: 13    Spells: 2/2 levels left

rFire   . . .      SeeInvis .    a - +0 hand axe
rCold   . . .      Faith    .    (no shield)
rNeg    . . .      Spirit   .    b - +0 robe
rPois   .          Reflect  .    (no helmet)
rElec   .          Rampage  .    (no cloak)
rCorr   .                        (no gloves)
Will    .....                    (no boots)
Stlth   ++                       (no amulet)
HPRegen 0.25/turn                (no ring)
MPRegen 0.08/turn                (no ring)

@: no status effects
A: no striking features
a: no special abilities


You were on level 2 of the Dungeon.
You visited 1 branch of the dungeon, and saw 2 of its levels.

You collected 38 gold pieces.

Inventory:

Hand Weapons
 a - a +0 hand axe (weapon)
Armour
 b - a +0 robe (worn)
Scrolls
 d - a scroll of blinking {unknown}
 f - a scroll of fog {unknown}
Potions
 c - a potion of attraction {unknown}
 e - a potion of invisibility {unknown}
 G - a potion of ambrosia {!q}


   Skills:
 + Level 4.1 Fighting
 * Level 5.0 Axes
 - Level 2.4 Dodging
 - Level 1.5 Stealth


You had 2 spell levels left.
You didn't know any spells.
Your spell library was empty.

Dungeon Overview and Level Annotations

Branches:
Dungeon (2/15)

Altars:

Annotations:
D:2 Natasha


Message History

You kill the jackal!
The quokka twitches its whiskers.
The quokka barely misses you.
You hit the quokka. The quokka barely misses you.
You slash the quokka!
You kill the quokka!
The jackal bites you but does no damage.
Your Axes skill increases to level 5!
You barely miss the jackal. The jackal barely misses you. The jackal bites you.
You take 1 damage, and have 23/27 hp.
You closely miss the jackal. The jackal barely misses you.
You slash the jackal!
You kill the jackal!
Things that are here:
a jackal corpse; a jackal corpse
f - a scroll labelled SUXKOI GANIOTS Health restored: 27
Found a stone staircase leading down.
Found a stone staircase leading down.
There is a stone staircase leading down here.
You climb downwards.
There is a stone staircase leading up here.
You climb upwards.
There is a stone staircase leading down here.
There is a stone staircase leading down here.
You climb downwards.
Level annotation: Natasha
There is a stone staircase leading up here.
The helpless hobgoblin fails to defend itself.
You slash the hobgoblin!
You kill the hobgoblin!
You have reached level 3!
Your experience leads to an increase in your attributes!
Increase (s)trength, (i)ntelligence, or (d)exterity?
You feel stronger. x2
Health restored: 33; MP restored: 3
Found a stone staircase leading up.
There is a stone staircase leading up here.
You see here a +0 robe.
You catch the helpless Natasha completely off-guard!
You hit Natasha.
Natasha mumbles some strange words.
You hit Natasha. You hit the shadow imp.
Natasha mewls in sadness.
Natasha closely misses you. The shadow imp closely misses you.
You hit Natasha but do no damage. You barely miss the shadow imp.
Natasha claws you. The shadow imp hits you.
You take 6 damage, and have 27/33 hp.
You completely miss Natasha. You hit the shadow imp. Natasha misses you.
The shadow imp gestures at you. Pain shoots through your body!
You take 1 damage, and have 26/33 hp.
You barely miss Natasha. You barely miss the shadow imp.
Natasha casts a spell at you. The magic dart hits you! The shadow imp hits you.
You take 12 damage, and have 14/33 hp.
MASSIVE DAMAGE!!
You hit Natasha but do no damage. You barely miss the shadow imp.
Natasha howls an incantation.
Natasha shimmers violently.
Natasha claws you but does no damage. The shadow imp hits you.
You hit Natasha but do no damage.
You hit the shadow imp but do no damage.
Natasha howls an incantation.
You feel disoriented. Natasha closely misses you. The shadow imp misses you.
You closely miss Natasha. You hit the shadow imp. Natasha claws you.
* * * LOW HITPOINT WARNING * * *
The shadow imp shouts, "Fly, thou dankish fen-sucked deadneck!"
The shadow imp misses you.
You take 6 damage, and have 8/33 hp.
You closely miss Natasha. You barely miss the shadow imp.
Natasha casts a spell.
The shadow imp completely misses you.
You closely miss Natasha. You hit the shadow imp.
You hit the shadow imp but do no damage.
Natasha closely misses you. The shadow imp hits you.
* * * LOW HITPOINT WARNING * * *
The shadow imp closely misses you.
You take 3 damage, and have 5/33 hp.
You barely miss Natasha. You closely miss the shadow imp.
You hit the shadow imp. Natasha barely misses you.
The shadow imp closely misses you. x2
Unknown command.
You hit Natasha but do no damage. You hit the shadow imp.
You hit the shadow imp but do no damage.
Natasha casts a spell at you. You resist with significant effort.
The shadow imp closely misses you. x2
You hit Natasha. You closely miss the shadow imp.
You hit the shadow imp but do no damage.
Natasha barely misses you. The shadow imp completely misses you.
The shadow imp closely misses you.
You hit Natasha.
You hit the shadow imp but do no damage.
You barely miss the shadow imp.
The shadow imp disappears in a puff of smoke!
Natasha claws you.
* * * LOW HITPOINT WARNING * * *
The shadow imp hits you.
You die...

.. .. .. .. ...
..#.##. #... .....
..... #.#..# ###
.<.####.#....< #..
.........###...
##.##.........# #...
#.5@h.# .....###.#.
##.ยง#...............
##..######....##....
#.............##. ##
##.#######..#.##.
#.###..<.....#
#.[........###
##.############
#..............


You could see Natasha and a shadow imp (summoned).

Vanquished Creatures
  A ball python (D:1)
  3 endoplasms (D:1)
  A giant cockroach (D:1)
  2 hobgoblins
  8 jackals (D:1)
  A quokka (D:1)
  A bat (D:1)
  A kobold (D:1)
  A rat (D:1)
19 creatures vanquished.

Notes
Turn   | Place    | Note
-------+----------+-------------------------------------------
     0 | D:1      | Firecrotchwizard the Hill Orc Monk began the quest for the
                  | Orb.
     0 | D:1      | Reached XP level 1. HP: 19/19 MP: 1/1
   124 | D:1      | Reached XP level 2. HP: 18/27 MP: 2/2
   226 | D:1      | Reached skill level 4 in Fighting
   256 | D:1      | Reached skill level 5 in Axes
   315 | D:2      | Noticed Natasha
   343 | D:2      | Reached XP level 3. HP: 33/33 MP: 3/3
   378 | D:2      | HP: 8/33 [Natasha (6)]
   384 | D:2      | HP: 5/33 [Natasha (1)]
   384 | D:2      | Slain by a shadow imp

Illustrated notes

Levels and vault maps discovered:
D:1:      lightli_arrival_chessboard, layout_loops_cross,
          shapermc_ecumenical_altar_totnotflames
D:2:      layout_basic, kennysheep_small_spiral, uniq_natasha, uniq_robin,
          uniq_jessica

Skill      XL: |  1  2 |
---------------+-------+-----
Fighting       | 4 |  4.1
Axes           | 5 |  5.0
Dodging        | |  2.4
Stealth        | |  1.5

Action                     || total
---------------------------++-------
  Melee: Hand axe          ||    86
         Punch             ||     1
   Stab: Sleeping          ||     2
         Distracted        ||     1
 Armour: Robe              ||    20
  Dodge: Dodged            ||    69

Table legend: (Time is in decaauts)
 A = Elapsed time spent in this place.
 B = Non-inter-level travel time spent in this place.
 C = Inter-level travel time spent in this place.
 D = Time resting spent in this place.
 E = Time spent auto-exploring this place.
 F = Levels seen in this place.
 G = Mean time per level.
                   A        B        C        D        E       F      G
               +--------+--------+--------+--------+--------+-----+--------+
         Total |    390 |    368 |     22 |     61 |    140 |   2 |  195.0 |
       Dungeon |    390 |    368 |     22 |     61 |    140 |   2 |  195.0 |
               +--------+--------+--------+--------+--------+-----+--------+

Top non-repeatable levels by time:
     D:1: 345 daAuts
     D:2: 45 daAuts

Table legend:
 A = Kills in this place as a percentage of kills in the entire game.
 B = Kills by you in this place as a percentage of kills by you in the entire game.
 C = Kills by friends in this place as a percentage of kills by friends in the entire game.
 D = Other kills in this place as a percentage of other kills in the entire game.
 E = Experience gained in this place as a percentage of experience gained in the entire game.
 F = Experience gained in this place divided by the number of levels of this place that you have seen.
                   A       B       C       D       E      F
               +-------+-------+-------+-------+-------+----------------------
         Total | 100.0 | 100.0 |   N/A |   N/A | 100.0 |  17.5
       Dungeon | 100.0 | 100.0 |   N/A |   N/A | 100.0 |  17.5
               +-------+-------+-------+-------+-------+----------------------
